cohdb
Replays
Latest Replays
All Replays
Popular Replays
Top Player Replays
Match Explorer
How It Works
Community
CoH3 Stats
Reddit
Sign in to upload your games and track your stats! →
Sign in with Steam
Match 38380094
Unlisted
Match 38380094
Overview
Messages
Build Orders
End
Kradschützen Motorcycle Team
Panzerpioneer Squad
250 Light Carrier
Panzergrenadier Squad
Construct Light Support Kompanie
MG34 Team
Combat Half-tracks
Construct Mechanized Kompanie
Panzergrenadier Squad
Selects Italian Infantry
Selects Italian Infantry
Kradschützen Motorcycle Team
Selects Guastatori Squad
Selects L6/40 Light Tank Combat Group
8 Rad Armored Car
Marder III Tank Destroyer
Vehicle Survival Package
Selects Towed Cannone da 105/28 Field Howitzer
Selects Sound the Alarm
MG34 Team
Construct Panzerarmee Kommand
2.5-tonne Medical Truck
Selects Territory Booby Traps
Panzer III L Medium Tank
Selects Propaganda War
Tungsten Core Ammunition
『BlackBear』
[PD] Ducktus
0
0
Comments
sign in to comment!
No comments posted yet!